 Dungeon Crawl Stone Soup version 0.30-a0-672-gc3a7216ad8 (webtiles) character file.

Game seed: 15592224184779126338

6349 vineage the Fighter (level 10, 0/68 HPs)
             Began as a Gargoyle Fighter on Jan 18, 2023.
             Was a High Priest of Okawaru.
             Slain by a two-headed ogre
             ... wielding a +0 giant spiked club
              (18 damage)
             ... on level 9 of the Dungeon.
             The game lasted 00:07:55 (8926 turns).

vineage the Fighter (Gargoyle Fighter)              Turns: 8926, Time: 00:07:56

Health: 0/68       AC: 27    Str: 24    XL:     10   Next: 96%
Magic:  12/14      EV:  9    Int: 14    God:    Okawaru [*****.]
Gold:   461        SH:  5    Dex: 15    Spells: 9/9 levels left

rFire   . . .      SeeInvis .    t - +12 triple sword of the Dead {drain, rC+ Int+5}
rCold   + . .      Faith    .    (shield currently unavailable)
rNeg    + . .      Spirit   .    u - +0 plate armour
rPois   ∞          Reflect  +    (no helmet)
rElec   +          Harm     .    f - +0 cloak
rCorr   .          Rampage  .    l - +1 pair of gloves
Will    .....                    (no boots) Stlth
                                 m - amulet of reflection
HPRegen 0.31/turn                s - +6 ring of dexterity
MPRegen 0.14/turn                (no ring)

@: heroic
A: sickness immunity, AC +7, negative energy resistance 1, electricity
resistance, torment resistance 1, petrification resistance
a: Renounce Religion, Heroism, Finesse, Duel


You were on level 9 of the Dungeon.
You worshipped Okawaru.
Okawaru was extremely pleased with you.
You visited 2 branches of the dungeon, and saw 10 of its levels.
You also visited: Bailey.

You collected 461 gold pieces.

Inventory:

Hand Weapons
 a - a +1 flail of chaos
 d - a +4 mace of freezing
 t - the +12 triple sword of the Dead (weapon) {drain, rC+ Int+5}
   (You found it in a bailey)

   Int:       It affects your intelligence (+5).
   rC:        It protects you from cold.
Armour
 c - a +0 buckler
 f - a +0 cloak (worn)
 l - a +1 pair of gloves (worn)
 u - a +0 plate armour (worn)
Jewellery
 m - an amulet of reflection (around neck)
 s - a +6 ring of dexterity (left hand)
 y - a ring of protection from cold
Wands
 w - a wand of light (8)
 x - a wand of roots (8)
Scrolls
 g - a scroll of teleportation
 n - 2 scrolls of fog
 o - 3 scrolls of identify
 p - 2 scrolls of enchant weapon
 q - 2 scrolls of enchant armour
 v - a scroll of immolation
 z - a scroll of blinking {unknown}
Potions
 b - a potion of heal wounds
 e - a potion of attraction
 h - a potion of lignification
 i - 2 potions of cancellation
 j - a potion of curing {unknown}
 k - 2 potions of haste {unknown}
 r - 3 potions of mutation {unknown}
 A - a potion of flight {unknown}


   Skills:
 + Level 10.2(15.2) Fighting
 * Level 3.0(8.0) Long Blades
 - Level 8.6(13.6) Maces & Flails
 + Level 7.7(12.7) Armour
 - Level 7.3(12.3) Shields
 + Level 5.7 Invocations


You had 9 spell levels left.
You didn't know any spells.
Your spell library contained the following spells:

 Spells                   Type           Power      Damage    Failure   Level
 Apportation              Tloc           0%         N/A       95%         1
 Necrotise                Necr           0%         1d4       95%         1
 Summon Small Mammal      Summ           Unusable   N/A       N/A         1

Dungeon Overview and Level Annotations

Branches:
Dungeon (9/15)             Temple (1/1) D:4          Bailey (visited)
   Lair: D:8-11         Orc: D:9-12

Altars:
Ashenzari
Cheibriados
Dithmenos
Elyvilon
Gozag
Kikubaaqudgha
Makhleb
Nemelex Xobeh
Okawaru
Qazlal
Ru
Sif Muna
Uskayaw
Vehumet
Wu Jian
Xom
Yredelemnul
Zin
The Shining One

Shops:
D:3 :   D:8 :


Innate Abilities, Weirdness & Mutations

You are immune to sickness and miasma.
Your stone body is resilient. (AC +7)
You are immune to poison.
You resist negative energy. (rN+)
You are resistant to electric shocks. (rElec)
You are resistant to unholy torment.
You are immune to petrification.


Message History

The troll bites you but does no damage. You block the troll's attack.
The troll completely misses you.
You are too injured to fight recklessly!
You are too injured to fight recklessly!
You are too injured to fight recklessly!
You are too injured to fight recklessly!
You are too injured to fight recklessly!
You are too injured to fight recklessly!
You are too injured to fight recklessly!
You are too injured to fight recklessly!
You are too injured to fight recklessly!
You are too injured to fight recklessly!
You are too injured to fight recklessly!
You are too injured to fight recklessly!
You are too injured to fight recklessly!
You are too injured to fight recklessly!
You slash the troll! You drain the troll.
The troll is almost dead.
The troll bites you but does no damage. The troll barely misses you.
The troll claws you.
You slash the troll!
You kill the troll!
Okawaru accepts your kill.
Your Long Blades skill increases to level 3!
You gain the combat prowess of a mighty hero.
The two-headed ogre hits you but does no damage. x2
You slice the two-headed ogre!!
The two-headed ogre is moderately wounded.
The howler monkey hoots and howls with incredible vigour!
The two-headed ogre hits you with a +0 giant spiked club!
* * * LOW HITPOINT WARNING * * *
The two-headed ogre barely misses you.
You hear a shout! x2; You hear an angry hiss.
You hear a shout! x5
You hear a roar!
You hear a shout!
You hear an angry buzzing noise.
You hear an angry hiss.
You slash the two-headed ogre!
The two-headed ogre is heavily wounded.
The howler monkey hoots and howls with incredible vigour!
The two-headed ogre hits you with a +0 giant spiked club!!
You die...

########################
................!......
#....##....#....###..#
#....##....#....# #..#
...#....##....#....###..#
........@Oh..............
##+#######Q########'#####
........h##...........#
........h##...........#
.......O.##...........#
.........##...........#
####...Q..............#
...###.###..........#
...# .#. ##..##....##


You could see a tengu warrior, a two-headed ogre and a howler monkey (catching
breath).

Vanquished Creatures
  Erica (D:8)
  A boulder beetle (D:8)
  A two-headed ogre (D:8)
  An orc knight (Bailey)
  A gargoyle (D:7)
  A troll (D:9)
  An acid dragon (D:8)
  2 water moccasins
  11 orc warriors
  A sky beast (D:6)
  A black bear (D:6)
  An ogre (D:7)
  A centaur (D:8)
  A phantom (D:5)
  3 bullfrogs
  A necrophage (D:5)
  6 scorpions
  14 wights
  3 hounds
  An iguana (D:6)
  6 orc wizards
  A gnoll (D:7)
  13 adders
  A shadow imp (D:6)
  4 white imps
  A worm (D:3)
  4 dart slugs
  32 orcs
  4 ball pythons
  9 endoplasms
  3 giant cockroaches
  8 goblins
  11 hobgoblins
  6 quokkas
  14 bats
  14 frilled lizards
  7 kobolds
  5 rats
196 creatures vanquished.

Vanquished Creatures (others)
  An orc wizard (D:8)
  13 fungi (D:5)
  4 plants (D:1)
18 creatures vanquished.

Grand Total: 214 creatures vanquished

Notes
Turn   | Place    | Note
-------+----------+-------------------------------------------
     0 | D:1      | vineage the Gargoyle Fighter began the quest for the Orb.
     0 | D:1      | Reached XP level 1. HP: 14/14 MP: 1/1
    60 | D:1      | Reached XP level 2. HP: 14/19 MP: 2/2
   237 | D:1      | You fall into a shaft and drop 1 floor!
   337 | D:1      | Reached XP level 3. HP: 24/24 MP: 3/3
  1000 | D:2      | Reached skill level 4 in Fighting
  1017 | D:2      | Found a faded altar of an unknown god.
  1107 | D:2      | Reached XP level 4. HP: 29/29 MP: 4/4
  1380 | D:2      | Found a glowing golden altar of the Shining One.
  1558 | D:2      | Reached XP level 5. HP: 34/34 MP: 5/5
  2158 | D:3      | Found Emierady's Book Shop.
  3051 | D:4      | Found a staircase to the Ecumenical Temple.
  3092 | Temple   | Entered the Ecumenical Temple
  3218 | Temple   | Became a worshipper of Warmaster Okawaru
  3381 | D:4      | Found an opulent altar of Gozag.
  3381 | D:4      | Found a glowing silver altar of Zin.
  3816 | D:5      | Entered Level 5 of the Dungeon
  3862 | D:5      | Noticed a phantom
  3884 | D:5      | Killed a phantom
  3885 | D:5      | Reached skill level 5 in Fighting
  3885 | D:5      | Reached XP level 6. HP: 37/40 MP: 6/6
  4038 | D:5      | Reached XP level 7. HP: 36/44 MP: 7/7
  4117 | D:5      | Reached * piety under Okawaru
  4156 | D:5      | Reached skill level 6 in Fighting
  4156 | D:5      | Reached skill level 5 in Maces & Flails
  4999 | D:6      | Reached skill level 5 in Armour
  5005 | D:6      | Reached XP level 8. HP: 25/52 MP: 8/8
  5015 | D:6      | Reached skill level 5 in Shields
  5339 | D:6      | Reached skill level 1 in Invocations
  5492 | D:6      | Found a sacrificial altar of Ru.
  5586 | D:6      | Reached skill level 7 in Fighting
  5606 | D:6      | Reached ** piety under Okawaru
  6065 | D:7      | Noticed a gargoyle
  6071 | D:7      | Killed a gargoyle
  6072 | D:7      | Reached XP level 9. HP: 58/58 MP: 9/11
  6442 | D:7      | Found a burning altar of Makhleb.
  6443 | D:7      | Found a sparkling altar of Nemelex Xobeh.
  6470 | D:7      | Reached skill level 8 in Fighting
  6767 | D:8      | Noticed Erica
  6786 | D:8      | Killed Erica
  6786 | D:8      | Reached *** piety under Okawaru
  6972 | D:8      | Reached skill level 9 in Fighting
  6976 | D:8      | Reached XP level 10. HP: 49/66 MP: 10/13
  7372 | D:8      | Found a flagged portal.
  7384 | Bailey   | Entered a bailey
  7551 | Bailey   | Reached **** piety under Okawaru
  7800 | Bailey   | Noticed an orc knight
  7842 | Bailey   | Killed an orc knight
  7843 | Bailey   | Reached skill level 5 in Invocations
  7954 | Bailey   | Identified the +12 triple sword of the Dead {drain, rC+
                  | Int+5}
  8282 | D:8      | Found Joicus's Book Emporium.
  8388 | D:8      | Noticed a boulder beetle
  8401 | D:8      | Killed a boulder beetle
  8402 | D:8      | Reached skill level 1 in Long Blades
  8696 | D:8      | Noticed a two-headed ogre
  8702 | D:8      | Killed a two-headed ogre
  8702 | D:8      | Reached ***** piety under Okawaru
  8703 | D:8      | Reached skill level 10 in Fighting
  8912 | D:9      | Noticed a two-headed ogre
  8914 | D:9      | Noticed a tengu warrior
  8926 | D:9      | Slain by a two-headed ogre

Illustrated notes

Levels and vault maps discovered:
D:1:      lemuel_arrival_hallway, layout_loops_ring, st_stairs_7,
          minmay_misc_feat_four_crosses, hangedman_glass_teeth,
          minmay_misc_feat_tower, minmay_lizard_king
D:2:      layout_loops_ring, basic_altar,
          dreamdust_ecumenical_altar_angels_and_demons, chequers_avenue,
          kennysheep_generic_room_5
D:3:      layout_loops_cross, serial_shops, nicolae_shop_waterfront
D:4:      layout_basic, grunt_temple_overflow_gold_and_silver, temple_hall
D:5:      old_forge, layout_loops_ring, hangedman_abyss_or_decor_stabs,
          minmay_door_square, minmay_misc_feat_columns,
          hangedman_decor_peaks_small
D:6:      layout_rooms, nicolae_ru_sacrificial_ziggurat
D:7:      layout_loops_ring, jmf_multi_god_temple, kennysheep_small_circle
D:8:      layout_basic, enter_bailey_4, serial_shops, shop, uniq_erica
D:9:      minmay_the_grid_octo_triangle [minmay_the_grid_octo_tetromino_candy,
          minmay_the_grid_octo_prize_star, minmay_the_grid_octo_pinwheel],
          layout_stronghold, nicolae_hepliaklqana_hippocampus,
          trog_hazing_becter, uniq_erolcha, uniq_psyche, uniq_joseph
Temple:   nicolae_temple_two_arcs

Skill      XL: |  1  2  3  4  5  6  7  8  9 10 |
---------------+-------------------------------+-----
Fighting       | 4 5 6 7 9 10 | 10.2
Maces & Flails | 3 4 5 6 7 8 |  8.6
Armour         | 4 5 6 7 |  7.7
Shields        | 4 5 6 7 |  7.3
Invocations    | 2 4 5 |  5.7
Long Blades    | 3 |  3.0

Action                   |  1- 3 |  4- 6 |  7- 9 | 10-12 || total
-------------------------+-------+-------+-------+-------++-------
Melee: Flail             |   124 |   236 |   349 |    32 ||   741
       Mace              |       |       |       |    91 ||    91
       Triple sword      |       |       |       |    23 ||    23
Invok: Heroism           |       |       |     2 |     3 ||     5
  Use: Scroll            |       |     8 |     6 |       ||    14
       Potion            |       |       |     3 |       ||     3
 Stab: Held in net/web   |       |       |     1 |       ||     1
Armor: Scale mail        |    59 |   164 |    74 |       ||   297
       Plate armour      |       |       |   143 |    86 ||   229
Dodge: Dodged            |    70 |   132 |    98 |    40 ||   340
Block: Buckler           |    21 |    83 |   173 |    81 ||   358
       Reflection        |       |     1 |     6 |    15 ||    22
       Other             |       |       |       |    11 ||    11

Table legend: (Time is in decaauts)
 A = Elapsed time spent in this place.
 B = Non-inter-level travel time spent in this place.
 C = Inter-level travel time spent in this place.
 D = Time resting spent in this place.
 E = Time spent auto-exploring this place.
 F = Levels seen in this place.
 G = Mean time per level.
                   A        B        C        D        E       F      G
               +--------+--------+--------+--------+--------+-----+--------+
         Total |   9085 |   8823 |    262 |    805 |   6264 |  11 |  825.9 |
       Dungeon |   8135 |   7894 |    241 |    438 |   5886 |   9 |  903.9 |
        Temple |    134 |    113 |     21 |      0 |    106 |   1 |  134.0 |
        Bailey |    815 |    815 |      0 |    367 |    272 |   1 |  815.0 |
               +--------+--------+--------+--------+--------+-----+--------+

Top non-repeatable levels by time:
     D:8: 1288 daAuts
     D:5: 1117 daAuts
     D:2: 1031 daAuts
     D:4: 991 daAuts
     D:1: 981 daAuts
     D:6: 967 daAuts
     D:7: 908 daAuts
  Bailey: 815 daAuts
     D:3: 768 daAuts
  Temple: 134 daAuts
     D:9: 79 daAuts
